 Dungeon Crawl Stone Soup version 0.23.2-40-g277498a001 (webtiles) character file.

Game seed: 17400261781107616137

837 Curus the Spear-Bearer (level 7, -1/52 HPs)
             Began as a Merfolk Abyssal Knight on Oct 21, 2019.
             Was a Believer of Lugonu.
             Slain by Edmund
             ... wielding a +5 flail of draining
              (8 damage)
             ... on level 5 of the Dungeon.
             The game lasted 00:19:05 (4210 turns).

Curus the Spear-Bearer (Merfolk Abyssal Knight)     Turns: 4210, Time: 00:19:05

Health: -1/52      AC:  6    Str: 12    XL:     7   Next: 99%
Magic:  0/12       EV: 16    Int: 12    God:    Lugonu [**....]
Gold:   218        SH:  0    Dex: 20    Spells: 6/6 levels left

rFire    . . .     SeeInvis .   p - +0 trident
rCold    . . .     Gourm    .   (no shield)
rNeg     . . .     Faith    .   g - +0 ring mail (curse)
rPois    .         Spirit   +   o - +0 helmet (curse)
rElec    .         Reflect  .   (no cloak)
rCorr    .         Harm     .   (no gloves)
MR       .....     Rnd*Tele +   (no boots)
Stlth    +.........             f - amulet of guardian spirit
HPRegen  0.17/turn              l - ring of teleportation (curse)
MPRegen  0.13/turn              k - ring of attention (curse)

@: agile, heavily drained
A: change form in water, swift swim, stealthy swim
a: Depart the Abyss, Bend Space, Renounce Religion


You were on level 5 of the Dungeon.
You worshipped Lugonu.
Lugonu was pleased with you.
You were hungry.

You visited 1 branch of the dungeon, and saw 5 of its levels.
You visited the Abyss 1 time.

You collected 218 gold pieces.

Inventory:

Hand Weapons
 a - a +1 spear
 p - a +0 trident (weapon)
Armour
 b - a +0 leather armour
 g - a cursed +0 ring mail (worn)
 o - a cursed +0 helmet (worn)
Jewellery
 f - an amulet of guardian spirit (around neck)
 j - an uncursed ring of flight
 k - a cursed ring of attention (right hand)
 l - a cursed ring of teleportation (left hand)
Scrolls
 e - a scroll of magic mapping
 h - 5 scrolls of identify
 s - a scroll of amnesia
Potions
 i - 2 potions of brilliance
 m - 2 potions of curing
 n - 3 potions of flight
Comestibles
 c - 5 rations


   Skills:
 - Level 3.2(1.9) Fighting
 + Level 9.2(7.6) Polearms
 - Level 0.6(0.0) Armour
 - Level 2.6(1.3) Dodging
 + Level 7.0(5.4) Invocations


You had 6 spell levels left.
You didn't know any spells.
Your spell library was empty.

Dungeon Overview and Level Annotations

Branches:
Dungeon (5/15)             Temple (0/1) D:4

Altars:
Qazlal

Annotations:
D:3 Grinder
D:5 Edmund


Message History

Edmund is moderately wounded.
Edmund closely misses you.
You puncture Edmund!
Edmund is heavily wounded.
Edmund hits you with a +5 flail of draining!
* * * LOW HITPOINT WARNING * * *
You feel drained.
* * * LOW HITPOINT WARNING * * *
You hit Edmund but do no damage.
Edmund is heavily wounded.
You puncture Edmund!
Edmund is severely wounded.
Edmund hits you with a +5 flail of draining.
* * * LOW HITPOINT WARNING * * *
You feel drained.
You puncture Edmund!
Edmund is almost dead.
Edmund says, "You wouldn't believe how much I paid for this flail."
Edmund hits you with a +5 flail of draining!
You die...

................#
................#......
.........(......#...).
...............##(<..
##.....##.....## ...
#...########## ..
##...# .# .....# ##@#
###..# ##@)# # #..#
##..## ##.### ##..##
#.(.## ##..## #.#..#
#..## #.##.# #.##
####.##.## #.#
#....##..###.####
..#####.........#


You could see Edmund.

Vanquished Creatures
  A water moccasin (D:5)
  A sky beast (D:5)
  A phantom (D:4)
  A bullfrog zombie (D:5)
  An orc wizard (D:5)
  2 orc priests
  A bullfrog skeleton (D:5)
  2 hounds (D:4)
  5 worker ants
  10 adders
  3 gnolls (D:2)
  2 howler monkey skeletons
  A worm (D:4)
  5 dart slugs
  5 leopard geckos
  4 orcs
  6 giant cockroaches
  10 goblins
  5 hobgoblins
  7 jackals
  A quokka (D:2)
  4 ball pythons
  3 bats
  2 frilled lizards (D:1)
  4 kobolds
  A leopard gecko skeleton (D:4)
  5 rats
93 creatures vanquished.

Notes
Turn   | Place    | Note
-------+----------+-------------------------------------------
     0 | Abyss:1  | Curus the Merfolk Abyssal Knight began the quest for the
                  | Orb.
     0 | Abyss:1  | Reached XP level 1. HP: 18/18 MP: 2/2
    29 | Abyss:1  | Noticed a ynoxinul
    37 | Abyss:1  | Noticed a white draconian
    38 | D:1      | Escaped the Abyss
   425 | D:1      | Reached XP level 2. HP: 24/24 MP: 3/3
   523 | D:1      | Reached * piety under Lugonu
   724 | D:1      | Reached skill level 4 in Polearms
   858 | D:2      | Reached XP level 3. HP: 29/29 MP: 5/5
   954 | D:2      | Reached XP level 4. HP: 10/35 MP: 3/6
  1083 | D:2      | Reached skill level 5 in Polearms
  1793 | D:2      | Reached XP level 5. HP: 36/41 MP: 4/8
  2052 | D:3      | Reached ** piety under Lugonu
  2152 | D:3      | Reached skill level 6 in Polearms
  2201 | D:3      | Noticed Grinder
  2788 | D:3      | Paralysed by Grinder for 5 turns
  2804 | D:3      | Paralysed by Grinder for 7 turns
  2851 | D:4      | Reached XP level 6. HP: 21/47 MP: 5/9
  3052 | D:4      | Found a staircase to the Ecumenical Temple.
  3079 | D:4      | Reached skill level 5 in Invocations
  3313 | D:4      | Noticed a phantom
  3334 | D:4      | Killed a phantom
  3334 | D:4      | Reached skill level 7 in Polearms
  3631 | D:4      | Reached XP level 7. HP: 21/52 MP: 8/11
  3990 | D:4      | Reached skill level 8 in Polearms
  4004 | D:5      | Entered Level 5 of the Dungeon
  4004 | D:5      | Found a stormy altar of Qazlal.
  4170 | D:5      | Noticed Edmund
  4189 | D:5      | Reached skill level 9 in Polearms
  4210 | D:5      | Slain by Edmund

Skill      XL: |  1  2  3  4  5  6  7 |
---------------+----------------------+-----
Polearms       | 4 5 6 7 9 |  9.2
Invocations    | 3 4 5 7 |  7.0
Fighting       | |  3.2
Armour         | |  0.6
Dodging        | |  2.6

Action                   |  1- 3 |  4- 6 |  7- 9 || total
-------------------------+-------+-------+-------++-------
Melee: Spear             |    95 |   173 |       ||   268
       Trident           |       |   131 |   105 ||   236
       Tailslap          |       |     1 |       ||     1
Invok: Depart the Abyss  |     1 |       |       ||     1
  Use: Scroll            |     5 |     4 |       ||     9
       Potion            |     1 |     6 |     3 ||    10
 Stab: Sleeping          |     1 |       |       ||     1
  Eat: Chunk             |       |     6 |     1 ||     7
       Ration            |       |     1 |       ||     1
Armor: Leather armour    |     5 |       |       ||     5
       Ring mail         |    13 |    79 |    32 ||   124
Dodge: Dodged            |    42 |   133 |    49 ||   224
